 Dungeon Crawl Stone Soup version 0.29.1-13-g9f3cf754e1 (webtiles) character file.

Game seed: 447194103865939458

30727 khekkus the Basher (level 13, 0/114 HPs)
             Began as a Hill Orc Fighter on Jan 30, 2023.
             Was an Elder of Makhleb.
             Succumbed to Rupert's poison
             ... on level 4 of the Lair of Beasts on Jan 31, 2023.
             The game lasted 00:45:40 (15200 turns).

khekkus the Basher (Hill Orc Fighter)              Turns: 15200, Time: 00:45:41

Health: 0/114      AC: 27    Str: 28    XL:     13   Next: 53%
Magic:  10/21      EV: 16    Int:  8    God:    Makhleb [****..]
Gold:   730        SH:  6    Dex: 10    Spells: 12/12 levels left

rFire   + . .      SeeInvis .   a - +10 hammer of the Vase {drain, rN+ Str+4}
rCold   . . .      Faith    .   c - +0 buckler
rNeg    + . .      Spirit   +   G - +4 chain mail {rF+}
rPois   .          Reflect  .   t - +2 helmet
rElec   .          Harm     .   d - +2 cloak
rCorr   .          Rampage  .   s - +2 pair of gloves
Will    .....                   w - +0 pair of boots
Stlth   ..........              z - amulet of guardian spirit
HPRegen 0.29/turn               C - +4 ring of evasion
MPRegen 0.17/turn               l - +4 ring of evasion

@: lethally poisoned (0 -> -8), on berserk cooldown, slowed, very slow
A: no striking features
a: Renounce Religion, Minor Destruction, Lesser Servant of Makhleb, Major
Destruction


You were on level 4 of the Lair of Beasts.
You worshipped Makhleb.
Makhleb was greatly pleased with you.
You visited 3 branches of the dungeon, and saw 15 of its levels.

You collected 730 gold pieces.

Inventory:

Hand Weapons
 a - the +10 hammer of the Vase (weapon) {drain, rN+ Str+4}
   (You found it on level 2 of the Dungeon)

   A truly terrible weapon, it drains the life of any living foe it strikes.
   Str:       It affects your strength (+4).
   rN:        It protects you from negative energy.
 b - a +1 war axe of venom
 E - a +2 whip of freezing
Missiles
 i - 3 curare-tipped darts
 q - 11 poisoned darts
 L - a throwing net
Armour
 c - a +0 buckler (worn)
 d - a +2 cloak (worn)
 s - a +2 pair of gloves (worn)
 t - a +2 helmet (worn)
 w - a +0 pair of boots (worn)
 G - a +4 chain mail of fire resistance (worn)
Jewellery
 e - a ring of ice
 l - a +4 ring of evasion (right hand)
 z - an amulet of guardian spirit (around neck)
 C - a +4 ring of evasion (left hand)
 J - a ring of fire
Wands
 k - a wand of acid (2)
 m - a wand of digging (5)
 u - a wand of flame (55)
 v - a wand of iceblast (7)
 x - a wand of charming (5)
 y - a wand of polymorph (15)
Scrolls
 h - a scroll of enchant weapon
 n - a scroll of summoning
 p - 5 scrolls of teleportation
 F - a scroll of identify
 H - 2 scrolls of amnesia
 K - a scroll of butterflies
 M - 3 scrolls of magic mapping
 O - a scroll of blinking
Potions
 f - 8 potions of curing
 j - a potion of flight
 o - a potion of ambrosia
 r - a potion of haste
 A - a potion of resistance
 B - a potion of might
 D - a potion of lignification
 I - 2 potions of heal wounds
 N - 2 potions of brilliance


   Skills:
 + Level 10.5 Fighting
 - Level 8.2(12.4) Axes
 * Level 12.5(13.2) Maces & Flails
 - Level 5.0 Throwing
 + Level 9.7 Armour
 + Level 9.7 Shields
 * Level 11.1 Invocations
 + Level 7.1 Evocations


You had 12 spell levels left.
You didn't know any spells.
Your spell library contained the following spells:

 Spells                   Type           Power      Damage    Failure   Level
 Ensorcelled Hibernation  Hex/Ice        0%         N/A       98%         2
 Frozen Ramparts          Ice            0%         1d1       100%        3
 Gell's Gravitas          Tloc           0%         N/A       100%        3
 Lesser Beckoning         Tloc           0%         N/A       100%        3
 Portal Projectile        Hex/Tloc       0%         N/A       100%        3
 Spider Form              Tmut/Pois      0%         N/A       100%        3
 Teleport Other           Tloc           0%         N/A       100%        3
 Tukima's Dance           Hex            0%         N/A       100%        3
 Anguish                  Hex/Necr       0%         N/A       100%        4
 Ice Form                 Ice/Tmut       0%         N/A       100%        4
 Summon Ice Beast         Ice/Summ       0%         N/A       100%        4
 Blade Hands              Tmut           0%         N/A       100%        5
 Dispersal                Tloc           0%         N/A       100%        6
 Malign Gateway           Summ/Tloc      0%         N/A       100%        7
 Summon Horrible Things   Summ           0%         N/A       100%        8


Dungeon Overview and Level Annotations

Branches:
Dungeon (10/15)            Temple (1/1) D:5            Lair (4/5) D:8
  Swamp (0/4) Lair:3       Spider (0/4) Lair:3
  Slime: Lair:4-5       Orc: D:9-12

Altars:
Ashenzari
Cheibriados
Dithmenos
Elyvilon
Fedhas
Gozag
Hepliaklqana
Kikubaaqudgha
Makhleb
Nemelex Xobeh
Okawaru
Qazlal
Ru
Sif Muna
Trog
Uskayaw
Vehumet
Wu Jian
Xom
Yredelemnul
Zin
The Shining One

Shops:
D:6 (   D:9 *(   D:10 *

Annotations:
Lair:1 exclusion: oklob plant


Message History

You barely miss Rupert.
Rupert is severely wounded.
You feel very sick. You block Rupert's attack.
You thump Rupert! You drain Rupert.
Rupert is almost dead.
You feel very sick.
Rupert hits you with a +0 battleaxe of venom!!
* * * LOW HITPOINT WARNING * * *
You completely miss Rupert.
Rupert is almost dead.
* * * LOW HITPOINT WARNING * * *
You feel very sick. Rupert barely misses you.
You bludgeon Rupert!!
Rupert is almost dead.
* * * LOW HITPOINT WARNING * * *
You feel very sick.
You sock Rupert!
You kill Rupert!
Makhleb accepts your kill.
* * * LOW HITPOINT WARNING * * *
You feel very sick.
Your Invocations skill increases to level 11!
You are too berserk!
* * * LOW HITPOINT WARNING * * *
You feel very sick.
Things that are here:
a +0 battleaxe of venom; a +0 leather armour; the human corpse of Rupert You feel a strong urge to attack something.
* * * LOW HITPOINT WARNING * * *
You feel sick.
You are no longer berserk.
You are exhausted.
You feel yourself slow down.
* * * LOW HITPOINT WARNING * * *
You feel very sick.
* * * LOW HITPOINT WARNING * * *
You feel very sick.
You die...

#+....≈≈≈§≈§ ...#
...§.§§≈§§§
..#.##+.§..§§§§§≈
........../§§§§§≈
...........§§§§§§§
..........§§§§§§§.
...........§.§§§§§
...........§§§§§§.
..........@§§§....
###..P..###...#.#.
##.##.## ...#
###..#..###...#
#........# ...#
#.......## ..##
#.. ##......# .#
#... #....### .#
#...#####.## ###.


There were no monsters in sight!

Vanquished Creatures
  Rupert (Lair:4)
  2 boulder beetles
  A hydra (Lair:2)
  2 two-headed ogres (D:9)
  8 death yaks
  2 bog bodies (Lair:3)
  Pikel (D:7)
  7 elephants
  3 black mambas
  6 cane toads
  A rime drake (Lair:3)
  A kobold demonologist (D:10)
  3 komodo dragons
  A meliai (Lair:2)
  A troll (D:9)
  2 hornets
  2 polar bears (Lair:2)
  Grinder (D:5)
  9 blink frogs
  14 yaks
  A wraith (D:10)
  4 wyverns
  Eustachio (D:5)
  A basilisk (Lair:1)
  2 steam dragons (D:7)
  4 vampire mosquitoes (D:10)
  3 swamp worms (Lair:3)
  Edmund (D:5)
  An acid dragon (D:8)
  15 water moccasins
  Duvessa (D:4)
  3 orc warriors
  A black bear (Lair:2)
  An ogre (D:5)
  3 wolves (Lair:2)
  A boggart (D:9)
  A centaur (D:9)
  A lemure (D:7)
  3 kobold brigands (D:9)
  A gnoll sergeant (D:9)
  8 bullfrogs
  A necrophage (D:6)
  2 scorpions
  A wight (D:9)
  Dowan (D:4)
  11 killer bees
  8 howler monkeys
  An electric eel (Lair:3)
  3 hounds
  Crazy Yiuf (D:2)
  5 orc priests
  Ijyb (D:3)
  Jessica (D:2)
  4 iguanas
  9 orc wizards
  7 hell rats
  A mummy (D:7)
  Robin (D:3)
  4 adders
  12 gnolls
  2 shadow imps
  2 white imps
  An ufetubus (D:5)
  3 worms
  3 dart slugs
  14 orcs
  5 bats
  6 endoplasms
  3 giant cockroaches
  12 goblins
  6 hobgoblins
  7 jackals
  3 quokkas
  3 ball pythons (D:4)
  2 frilled lizards (D:2)
  A hobgoblin zombie (D:7)
  21 kobolds
  An orc zombie (D:7)
  3 rats
297 creatures vanquished.

Vanquished Creatures (collateral kills)
  2 elephants (Lair:2)
  A blink frog (Lair:1)
  A basilisk (Lair:2)
  A water moccasin (Lair:2)
  A bullfrog (Lair:2)
6 creatures vanquished.

Vanquished Creatures (others)
  An orc (D:7)
  14 fungi
  16 plants
31 creatures vanquished.

Grand Total: 334 creatures vanquished

Notes
Turn   | Place    | Note
-------+----------+-------------------------------------------
     0 | D:1      | khekkus the Hill Orc Fighter began the quest for the Orb.
     0 | D:1      | Reached XP level 1. HP: 19/19 MP: 1/1
   263 | D:1      | Reached XP level 2. HP: 26/26 MP: 2/2
   903 | D:2      | Found a runed translucent door.
   904 | D:2      | Noticed Crazy Yiuf
   910 | D:2      | Killed Crazy Yiuf
   911 | D:2      | Reached skill level 5 in Axes
   911 | D:2      | Reached XP level 3. HP: 25/31 MP: 3/3
   913 | D:2      | Identified the +10 hammer of the Vase {drain, rN+ Str+4}
  1092 | D:2      | Found a faded altar of an unknown god.
  1103 | D:2      | Noticed Jessica
  1106 | D:2      | Reached XP level 4. HP: 38/39 MP: 4/4
  1120 | D:2      | Killed Jessica
  1680 | D:3      | Reached skill level 1 in Maces & Flails
  1936 | D:3      | Noticed Robin
  1949 | D:3      | Reached XP level 5. HP: 36/45 MP: 5/5
  1951 | D:3      | Killed Robin
  1964 | D:3      | Noticed Ijyb
  1971 | D:3      | Killed Ijyb
  1972 | D:3      | Reached skill level 2 in Maces & Flails
  1972 | D:3      | Reached skill level 1 in Throwing
  2713 | D:4      | Noticed Duvessa
  2713 | D:4      | Noticed Dowan
  2720 | D:4      | Killed Duvessa
  2721 | D:4      | Reached skill level 4 in Maces & Flails
  2721 | D:4      | Reached XP level 6. HP: 40/51 MP: 6/6
  2725 | D:4      | Killed Dowan
  2911 | D:4      | Reached skill level 5 in Maces & Flails
  2960 | D:4      | Reached XP level 7. HP: 45/57 MP: 7/7
  3604 | D:5      | Entered Level 5 of the Dungeon
  3620 | D:5      | Reached skill level 6 in Maces & Flails
  3684 | D:5      | Noticed Grinder
  3688 | D:5      | Noticed a hornet
  3711 | D:4      | Killed a hornet
  3712 | D:4      | Reached skill level 7 in Maces & Flails
  3867 | D:5      | Killed Grinder
  3868 | D:5      | Reached XP level 8. HP: 55/66 MP: 8/8
  3970 | D:5      | Noticed Eustachio
  3978 | D:5      | Killed Eustachio
  3979 | D:5      | Reached skill level 1 in Evocations
  4327 | D:5      | Noticed Edmund
  4336 | D:5      | Killed Edmund
  4435 | D:5      | Reached skill level 5 in Fighting
  4565 | D:5      | Found a staircase to the Ecumenical Temple.
  4575 | Temple   | Entered the Ecumenical Temple
  4908 | Temple   | Became a worshipper of Makhleb the Destroyer
  5306 | D:6      | Reached skill level 8 in Maces & Flails
  5400 | D:6      | Reached XP level 9. HP: 74/74 MP: 9/9
  5521 | D:6      | Found an iron altar of Okawaru.
  5617 | D:6      | Found Vonus's Weapon Shop.
  5723 | D:7      | Reached skill level 5 in Armour
  5723 | D:7      | Reached skill level 5 in Shields
  6064 | D:7      | Identified the +7 quarterstaff of the Hidden Vale {protect,
                  | rC+}
  6092 | D:7      | Found a large runed translucent door.
  6098 | D:7      | Found a large runed translucent door.
  6137 | D:7      | Noticed Pikel
  6147 | D:7      | Killed Pikel
  6195 | D:7      | Found a sparkling altar of Nemelex Xobeh.
  6195 | D:7      | Noticed a boulder beetle
  6213 | D:7      | Killed a boulder beetle
  6347 | D:7      | Found a shimmering blue altar of Sif Muna.
  6354 | D:7      | Reached skill level 9 in Maces & Flails
  6499 | D:7      | Reached XP level 10. HP: 84/84 MP: 10/10
  6589 | D:7      | Reached * piety under Makhleb
  6849 | D:8      | Identified the +2 halberd "Orb Guardian's Peril" {spect,
                  | rPois}
  7498 | D:8      | Found a staircase to the Lair.
  8175 | D:9      | Reached skill level 1 in Invocations
  8431 | D:9      | Noticed a two-headed ogre
  8439 | D:9      | Killed a two-headed ogre
  8440 | D:9      | Reached XP level 11. HP: 91/94 MP: 7/13
  8440 | D:9      | Reached ** piety under Makhleb
  8476 | D:10     | Entered Level 10 of the Dungeon
  8588 | D:9      | Found Gevvil's Weapon Shop.
  8678 | D:9      | Noticed a two-headed ogre
  8681 | D:9      | Found a runed translucent door.
  8951 | D:9      | Found Raffab's General Store.
  9135 | D:9      | Killed a two-headed ogre
  9775 | D:10     | Found Zin's Purification Station.
  9777 | D:10     | Found a glowing silver altar of Zin.
  9820 | D:10     | Reached skill level 5 in Invocations
 10745 | Lair:1   | Entered Level 1 of the Lair of Beasts
 10885 | Lair:1   | Reached skill level 5 in Throwing
 10953 | Lair:1   | Reached skill level 5 in Evocations
 10989 | Lair:1   | Found a blossoming altar of Fedhas.
 10991 | Lair:1   | Noticed an oklob plant
 11144 | Lair:1   | Reached skill level 10 in Maces & Flails
 11603 | Lair:1   | Reached *** piety under Makhleb
 11735 | Lair:1   | Reached XP level 12. HP: 85/104 MP: 14/17
 12336 | Lair:2   | Identified the +0 robe of Birdsong {Fly rPois rF+}
 12950 | Lair:2   | Noticed a five-headed hydra
 12963 | Lair:2   | Reached skill level 11 in Maces & Flails
 12972 | Lair:2   | Killed a five-headed hydra
 13773 | Lair:3   | Noticed a death yak
 13773 | Lair:3   | Noticed a death yak
 13773 | Lair:3   | Noticed a death yak
 13774 | Lair:3   | Noticed a death yak
 13775 | Lair:3   | Noticed a death yak
 13775 | Lair:3   | Noticed a death yak
 13775 | Lair:3   | Noticed a death yak
 13787 | Lair:3   | Noticed a death yak
 13856 | Lair:2   | Killed a death yak
 13882 | Lair:2   | Killed a death yak
 13883 | Lair:2   | Reached skill level 10 in Fighting
 13917 | Lair:3   | Reached XP level 13. HP: 113/113 MP: 20/20
 13991 | Lair:3   | Reached **** piety under Makhleb
 14001 | Lair:3   | Reached skill level 10 in Invocations
 14034 | Lair:3   | Reached skill level 12 in Maces & Flails
 14237 | Lair:3   | Found a staircase to the Swamp.
 14421 | Lair:3   | Found a hole to the Spider Nest.
 15173 | Lair:4   | Noticed Rupert
 15195 | Lair:4   | Killed Rupert
 15199 | Lair:4   | HP: 2/114 [poisoned by Rupert]
 15200 | Lair:4   | Succumbed to Rupert's poison

Illustrated notes

Levels and vault maps discovered:
D:1:      wander_arrival_peaceful_grave, layout_basic
D:2:      layout_loops_ring, shapermc_ecumenical_altar_starsandcircs,
          uniq_crazy_yiuf_cottage, uniq_jessica
D:3:      layout_basic, serial_forest, infiniplex_forest_end_3,
          infiniplex_forest_lined_room_3, infiniplex_forest_lined_corner,
          infiniplex_forest_join, infiniplex_forest_straight_1,
          infiniplex_forest_straight_3, roderic_roman_lattice, uniq_robin,
          uniq_ijyb
D:4:      layout_basic, uniq_duvessa
D:5:      layout_basic, lemuel_temple_firewalk_b, uniq_grinder, uniq_edmund,
          uniq_eustachio
D:6:      layout_rooms, okawaru_altar_gauntlet_db, serial_shops,
          nicolae_shop_waterfront
D:7:      layout_gridville, jmf_multi_god_temple2, nicolae_ossuary_entry_giza,
          uniq_pikel
D:8:      layout_basic, lair_entry_dummy, grunt_decor_junction
D:9:      layout_rooms, nicolae_stop_n_shop_2, minmay_st_funbox,
          nicolae_wooded_promenade
D:10:     layout_loops_corners, zin_purify
Temple:   hc_temple_tempest_star
Lair:1:   layout_loops_ring, hangedman_tree_tricks, serial_bayou_shore_b,
          grunt_megastairs_3
Lair:2:   layout_cave_pods
Lair:3:   layout_regular_city, nicolae_swamp_entry_splash_gauntlet,
          hellmonk_spider_entry_not_the_bees
Lair:4:   layout_regular_city, lemuel_old_faithful, uniq_rupert

Skill      XL: |  1  2  3  4  5  6  7  8  9 10 11 12 13 |
---------------+----------------------------------------+-----
Axes           | 3 5 6 7 8 |  8.2
Maces & Flails | 1 4 5 7 8 9 10 11 12 | 12.5
Throwing       | 2 3 4 5 |  5.0
Fighting       | 4 5 6 8 9 10 | 10.5
Armour         | 4 6 7 8 9 |  9.7
Shields        | 4 6 7 8 9 |  9.7
Evocations     | 1 3 4 5 6 7 |  7.1
Invocations    | 3 6 9 11 | 11.1

Action                   |  1- 3 |  4- 6 |  7- 9 | 10-12 | 13-15 || total
-------------------------+-------+-------+-------+-------+-------++-------
Melee: War axe           |    30 |       |       |       |       ||    30
       Mace              |     9 |   105 |   163 |   384 |   127 ||   788
       Battleaxe         |       |       |       |   153 |       ||   153
Throw: Dart              |       |       |    12 |     8 |       ||    20
Invok: Minor Destruction |       |       |       |    36 |       ||    36
       Lesser Servant of |       |       |       |     4 |     3 ||     7
       Major Destruction |       |       |       |       |     3 ||     3
Evoke: Wand              |       |       |     7 |     6 |     2 ||    15
  Use: Scroll            |     2 |     8 |     4 |    14 |     1 ||    29
       Potion            |     1 |       |     2 |     5 |     1 ||     9
 Stab: Invisible         |       |       |     1 |       |       ||     1
       Distracted        |       |       |       |     1 |       ||     1
Armor: Scale mail        |    19 |    45 |    44 |       |       ||   108
       Leather armour    |       |       |    37 |     1 |       ||    38
       Chain mail        |       |       |       |   303 |    34 ||   337
Dodge: Dodged            |    13 |    46 |    51 |   472 |    83 ||   665
Block: Buckler           |    13 |    20 |    40 |    96 |    34 ||   203
